 Dungeon Crawl Stone Soup version 0.31-a0-1412-g7b7c7d10e1 (webtiles) character file.

Game seed: 3998282266610761830

697 Babanne the Chopper (level 7, -1/61 HPs)
             Began as a Minotaur Berserker on Sept 30, 2023.
             Was a Priest of Trog.
             Slain by an orc priest
             ... wielding a +1 flail of protection
              (9 damage)
             ... on level 6 of the Dungeon on Dec 26, 2023.
             The game lasted 00:18:16 (3878 turns).

Babanne the Chopper (Minotaur Berserker)            Turns: 3878, Time: 00:18:16

Health: -1/61      AC:  9    Str: 24    XL:     7   Next: 37%
Magic:  6/6        EV:  9    Int:  4    God:    Trog [***...]
Gold:   193        SH:  0    Dex:  9    Spells: 6/6 levels left

rFire   . . .        n - +3 scythe (flame)
rCold   . . .        (shield currently unavailable)
rNeg    . . .        f - +0 chain mail
rPois   .            (helmet restricted)
rElec   .            (no cloak)
rCorr   .            (no gloves)
SInv    .            (no boots)
Will    .....        (no amulet) Stlth
                     (no ring)
HPRegen 0.30/turn    (no ring)
MPRegen 0.10/turn

%: no passive effects
@: no status effects
A: horns 2, retaliatory headbutt
a: Renounce Religion, Berserk, Trog's Hand


You were on level 6 of the Dungeon.
You worshipped Trog.
Trog was most pleased with you.
You visited 1 branch of the dungeon, and saw 6 of its levels.

You collected 193 gold pieces.

Inventory:

Hand Weapons
 n - a +3 scythe of flaming (weapon)
Armour
 f - a +0 chain mail (worn)
Scrolls
 b - a scroll of teleportation
 c - 2 scrolls of enchant weapon
 h - 2 scrolls of identify
 j - a scroll of noise {unknown}
 m - a scroll of blinking {unknown}
 q - a scroll of fog {unknown}
Potions
 a - a potion of cancellation {unknown}
 d - a potion of heal wounds
 e - 5 potions of curing
 g - a potion of lignification
 i - 2 potions of brilliance
 k - a potion of might
 l - 2 potions of mutation
 o - a potion of attraction {unknown}
 p - 2 potions of degeneration {unknown}


   Skills:
 + Level 5.5 Fighting
 + Level 6.9(7.3) Axes
 + Level 3.1(5.4) Polearms
 + Level 5.2 Armour
 + Level 3.2 Dodging


You had 6 spell levels left.
You didn't know any spells.
Your spell library contained the following spells:

 Spells                   Type           Power      Damage    Failure   Level
 Apportation              Tloc           0%         N/A       96%         1
 Magic Dart               Conj           0%         1d3       96%         1
 Necrotise                Necr           0%         1d4       96%         1
 Sting                    Conj/Alch      0%         1d3       96%         1
 Summon Small Mammal      Summ           0%         N/A       96%         1
 Call Imp                 Summ           0%         N/A       99%         2
 Cigotuvi's Dreadful Rot  Necr/Alch/Air  0%         N/A       99%         2
 Scorch                   Fire           0%         2d5       99%         2
 Mephitic Cloud           Conj/Alch/Air  0%         N/A       100%        3
 Flame Wave               Conj/Fire      0%         2d4       100%        4
 Ignite Poison            Fire/Alch      0%         N/A       100%        4
 Freezing Cloud           Conj/Ice/Air   0%         6-21      100%        5
 Summon Forest            Summ/Tloc      0%         N/A       100%        5
 Eringya's Noxious Bog    Alch           0%         4d6       100%        6
 Summon Cactus Giant      Summ           0%         N/A       100%        6
 Summon Hydra             Summ           0%         N/A       100%        7
 Shatter                  Erth           0%         3d5*      100%        9


Dungeon Overview and Level Annotations

Branches:
Dungeon (6/15)
 Temple: D:4-7

Altars:
Cheibriados
Fedhas
Makhleb
Okawaru
Uskayaw
Vehumet

Shops:
D:2 [   D:3 [


Innate Abilities, Weirdness & Mutations

You have a pair of horns on your head.
You reflexively headbutt those who attack you in melee.


Message History

The orc priest closely misses you.
The orc priest mumbles some strange prayers to Beogh against you.
Pain shoots through your body!
You slash the orc priest! You burn the orc priest.
The orc priest is severely wounded.
The orc priest begins to cast a cantrip, but forgets the words!
The orc priest hits you but does no damage.
You hit the orc priest but do no damage.
The orc priest is severely wounded.
The orc priest mumbles some strange prayers to Beogh against you.
Pain shoots through your body!
The orc priest hits you with a +1 flail of protection!
* * * LOW HITPOINT WARNING * * *
You are too injured to fight recklessly!
You hear the sound of rushing water.
There is an entrance to a sewer on this level.
Hurry and find it before the portal rusts away!
Welcome back, Babanne the Minotaur Berserker.
Trog says: Kill them all!
Press ? for a list of commands and other information.
You don't know any spells.
You hear the sound of rushing water.
There is an entrance to a sewer on this level.
Hurry and find it before the portal rusts away!
Welcome back, Babanne the Minotaur Berserker.
Trog says: Kill them all!
Press ? for a list of commands and other information.
You slash the orc priest! You burn the orc priest.
You kill the orc priest!
Trog accepts your kill. The orc barely misses you.
The orc priest hits you but does no damage.
The orc hits you but does no damage.
There are monsters nearby!
The orc priest attacks as it pursues you!
The orc priest hits you with a +1 flail of protection.
* * * LOW HITPOINT WARNING * * *
The orc barely misses you.
You hit the orc. You burn the orc. Your headbutt misses the orc.
The orc is moderately wounded.
The orc priest hits you with a +1 flail of protection!
You die...

........## #...... .......
.......## #....# .......
........### ....##.$......
..........#####.##........#
............##.............
...................<.......
...).......###.............
................o).##......
................@o.........
.............#.............
.....#.#..#.####...........
#....######.# ##.........#
##..## ### #...#...### ####
##..##.... #... ..###
.....###


You could see an orc priest and an orc.

Vanquished Creatures
  Sigmund (D:3)
  A black bear (D:5)
  A jelly (D:6)
  A hound (D:5)
  5 orc priests
  An iguana (D:5)
  A sleepcap (D:5)
  An orc wizard (D:5)
  Robin (D:2)
  A gnoll (D:1)
  5 adders
  2 worms
  A dart slug (D:1)
  9 orcs
  5 bats
  7 endoplasms
  6 giant cockroaches
  14 goblins
  7 hobgoblins
  3 jackals (D:1)
  3 kobolds
  2 quokkas
  5 ball pythons
  3 frilled lizards
  6 rats
92 creatures vanquished.

Notes
Turn   | Place    | Note
-------+----------+-------------------------------------------
     0 | D:1      | Babanne the Minotaur Berserker began the quest for the Orb.
     0 | D:1      | Reached XP level 1. HP: 19/19 MP: 0/0
    77 | D:1      | Reached skill level 4 in Axes
    77 | D:1      | Reached XP level 2. HP: 27/27 MP: 1/1
   343 | D:1      | Reached XP level 3. HP: 33/33 MP: 2/2
   897 | D:2      | Found Gotud's Armour Shoppe.
   907 | D:2      | Got a vibrating book
   923 | D:2      | Reached ** piety under Trog
  1116 | D:2      | Noticed Robin
  1131 | D:2      | Reached skill level 5 in Axes
  1131 | D:2      | Reached XP level 4. HP: 38/40 MP: 3/3
  1135 | D:2      | Killed Robin
  1500 | D:3      | Noticed Sigmund
  1519 | D:3      | HP: 2/41 [something (6)]
  1522 | D:3      | Killed Sigmund
  1522 | D:3      | Reached *** piety under Trog
  1523 | D:3      | Reached skill level 6 in Axes
  1523 | D:3      | Reached XP level 5. HP: 2/47 MP: 4/4
  1523 | D:3      | Reached XP level 6. HP: 3/55 MP: 5/5
  1807 | D:3      | Found Higanid's Armour Shop.
  1954 | D:3      | Found a faded altar of an unknown god.
  1984 | D:3      | Found a burning altar of Makhleb.
  1985 | D:3      | Found an iron altar of Okawaru.
  2409 | D:4      | Reached skill level 5 in Fighting
  2991 | D:5      | Entered Level 5 of the Dungeon
  3018 | D:5      | Found a blossoming altar of Fedhas.
  3020 | D:5      | Found a radiant altar of Vehumet.
  3056 | D:5      | Reached skill level 1 in Polearms
  3064 | D:5      | Found a hide-covered altar of Uskayaw.
  3181 | D:5      | Reached XP level 7. HP: 59/61 MP: 6/6
  3410 | D:5      | Reached skill level 5 in Armour
  3492 | D:5      | Found a snail-covered altar of Cheibriados.
  3792 | D:6      | Upgraded the game from 0.31-a0-844-gdc52ec4e09 to
                  | 0.31-a0-845-g9abc20d24f
  3875 | D:6      | Upgraded the game from 0.31-a0-845-g9abc20d24f to
                  | 0.31-a0-1412-g7b7c7d10e1
  3878 | D:6      | Slain by an orc priest

Illustrated notes

Levels and vault maps discovered:
D:1:      erik_arrival_blinker_ship, layout_loops_ring
D:2:      layout_loops_cross, serial_shops, shop, minmay_goblin_kobold_house,
          uniq_robin
D:3:      layout_rooms, gammafunk_temple_overflow_statue,
          shapermc_ecumenical_altar_mp_ritualfount, serial_shops, shop,
          uniq_sigmund
D:4:      layout_loops_ring
D:5:      layout_cave_pools, cheibrodos_worm_habitat, overflow_temple_1_default,
          nicolae_overflow_hidden_temple
D:6:      layout_cave_pools, serial_column_ruins, column_ruins_grid_1,
          column_ruins_corridor_straight, column_ruins_grid_1,
          column_ruins_columns_straight, portal_sewer_entry_c

Skill      XL: |  1  2  3  4  5  6  7 |
---------------+----------------------+-----
Axes           | 4 5 6 |  6.9
Fighting       | 4 5 |  5.5
Armour         | 3 4 5 |  5.2
Dodging        | 3 |  3.2
Polearms       | 2 3 |  3.1

Action                     |  1- 3 |  4- 6 |  7- 9 || total
---------------------------+-------+-------+-------++-------
  Melee: Hand axe          |    79 |    53 |       ||   132
         Headbutt          |    10 |    16 |     3 ||    29
         Punch             |       |     1 |       ||     1
         Halberd           |       |    54 |    27 ||    81
 Invoke: Berserk           |     1 |       |       ||     1
    Use: Scroll            |       |     8 |       ||     8
 Armour: Animal skin       |    15 |       |       ||    15
         Chain mail        |    36 |    56 |    18 ||   110
  Dodge: Dodged            |    33 |    35 |     7 ||    75

Table legend: (Time is in decaauts)
 A = Elapsed time spent in this place.
 B = Non-inter-level travel time spent in this place.
 C = Inter-level travel time spent in this place.
 D = Time resting spent in this place.
 E = Time spent auto-exploring this place.
 F = Levels seen in this place.
 G = Mean time per level.
                   A        B        C        D        E       F      G
               +--------+--------+--------+--------+--------+-----+--------+
         Total |   3934 |   3898 |     36 |     67 |   2469 |   6 |  655.7 |
       Dungeon |   3934 |   3898 |     36 |     67 |   2469 |   6 |  655.7 |
               +--------+--------+--------+--------+--------+-----+--------+

Top non-repeatable levels by time:
     D:3: 847 daAuts
     D:5: 824 daAuts
     D:1: 800 daAuts
     D:4: 710 daAuts
     D:2: 665 daAuts
     D:6: 87 daAuts
